 Dungeon Crawl Stone Soup version 0.29-a0-393-g47a863cc1b (webtiles) character file.

Game seed: 15109132241068262405

72 kevlar127 the Ruffian (level 4, 0/45 HPs)
             Began as a Troll Berserker on May 10, 2022.
             Was a Believer of Trog.
             Slain by a goblin
             ... wielding a +0 club
             ... led by Robin
              (6 damage)
             ... on level 2 of the Dungeon.
             The game lasted 00:03:28 (1575 turns).

kevlar127 the Ruffian (Troll Berserker)             Turns: 1575, Time: 00:03:29

Health: 0/45       AC:  4    Str: 27    XL:     4   Next: 7%
Magic:  3/3        EV: 10    Int:  3    God:    Trog [**....]
Gold:   84         SH:  0    Dex:  9    Spells: 3/3 levels left

rFire   . . .      SeeInvis .     - Unarmed
rCold   . . .      Faith    .   (no shield)
rNeg    . . .      Spirit   .   a - +0 animal skin
rPois   .          Reflect  .   (helmet restricted)
rElec   .          Harm     .   (no cloak)
rCorr   .          Rampage  .   (gloves unavailable)
Will    ++...                   (boots unavailable)
Stlth   +.........              (no amulet)
HPRegen 1.95/turn               (no ring)
MPRegen 0.08/turn               (no ring)

@: strong-willed, regenerating
A: large, unfitting armour, claws 3, regeneration 1, shaggy fur 1, tough skin 1
a: Renounce Religion, Berserk, Trog's Hand


You were on level 2 of the Dungeon.
You worshipped Trog.
Trog was pleased with you.
You visited 1 branch of the dungeon, and saw 2 of its levels.

You collected 84 gold pieces.

Inventory:

Missiles
 h - 72 stones (quivered)
Armour
 a - a +0 animal skin (worn)
Scrolls
 c - 2 scrolls of amnesia {unknown}
 d - a scroll of acquirement {unknown}
 f - a scroll of enchant armour {unknown}
 g - 2 scrolls of identify {unknown}
 i - a scroll of fear {unknown}
 k - a scroll of blinking {unknown}
 l - a scroll of enchant weapon {unknown}
 m - a scroll of silence {unknown}
Potions
 b - 2 potions of haste {unknown}
 e - 2 potions of attraction {unknown}
 j - a potion of heal wounds {unknown}


   Skills:
 + Level 3.1 Fighting
 + Level 0.0 Throwing
 - Level 3.0 Dodging
 + Level 3.8 Unarmed Combat


You had 3 spell levels left.
You didn't know any spells.
Your spell library was empty.

Dungeon Overview and Level Annotations

Branches:
Dungeon (2/15)

Altars:

Annotations:
D:2 Robin


Innate Abilities, Weirdness & Mutations

You are too large for most types of armour.
You have claws for hands.
Your natural rate of healing is unusually fast.
You are covered in fur. (AC +1)
You have tough skin. (AC +1)


Message History

There are monsters nearby!
You scratch the hobgoblin.
The hobgoblin is moderately wounded.
The hobgoblin hits you but does no damage.
You closely miss the hobgoblin.
The hobgoblin is moderately wounded.
Robin hits you with a +10 club!
The hobgoblin hits you but does no damage.
You barely miss the hobgoblin.
The hobgoblin is lightly wounded.
The hobgoblin hits you. Robin hits you with a +10 club.
You claw the hobgoblin!
You kill the hobgoblin!
Trog accepts your kill. Robin hits you with a +10 club.
You are too injured to fight recklessly!
You are too injured to fight recklessly!
You are too injured to fight recklessly!
You are too injured to fight recklessly!
Your skin crawls.
You feel strong-willed. Robin throws the goblin at you!
The goblin hits you with a +0 club. x2
You scratch Robin but do no damage. The goblin hits you but does no damage.
The goblin hits you with a +0 club. Robin hits you with a +10 club!
* * * LOW HITPOINT WARNING * * *
You scratch Robin.
Robin is moderately wounded.
The goblin hits you but does no damage. Robin throws the goblin at you!
The goblin hits you with a +0 club.
* * * LOW HITPOINT WARNING * * *
You completely miss Robin.
Robin is moderately wounded.
Robin hits you with a +10 club.
* * * LOW HITPOINT WARNING * * *
The goblin completely misses you. The goblin closely misses you.
You claw Robin!
Robin is almost dead.
The hobgoblin closely misses you. Robin barely misses you.
The goblin hits you with a +0 club.
You die...

#..#####.........#......
#..# #................
#..# #.#...##..#......
#..# #.#...##.........
#..# #.#...##....#....
#..# #..........>...#+
###..#####.....###.###..#
#.......g..........# ..#
###....†g@g....##### .#
##.#####g....#
####............#
#..............##
####.#####.....# #.#
#.....# #.# #.....#
###.#####.....#
#.............####


You could see Robin, a hobgoblin (strong) and 2 goblins.

Vanquished Creatures
  3 adders (D:2)
  3 dart slugs (D:1)
  An endoplasm (D:2)
  A giant cockroach (D:1)
  7 goblins
  9 hobgoblins
  4 quokkas
  2 ball pythons (D:1)
  A frilled lizard (D:1)
  3 kobolds
  2 rats (D:2)
36 creatures vanquished.

Notes
Turn   | Place    | Note
-------+----------+-------------------------------------------
     0 | D:1      | kevlar127 the Troll Berserker began the quest for the Orb.
     0 | D:1      | Reached XP level 1. HP: 22/22 MP: 0/0
   152 | D:1      | Reached XP level 2. HP: 29/29 MP: 1/1
   785 | D:1      | Found a faded altar of an unknown god.
   855 | D:2      | Noticed Robin
   863 | D:2      | Reached XP level 3. HP: 17/36 MP: 2/2
  1480 | D:2      | Reached ** piety under Trog
  1491 | D:2      | Reached XP level 4. HP: 44/45 MP: 3/3
  1575 | D:2      | Slain by a goblin

Illustrated notes

Levels and vault maps discovered:
D:1:      enne_arrival_octagon_isle, layout_loops_corners,
          hellmonk_ecumenical_altar_run_dry
D:2:      minmay_chambers_of_twos, layout_basic, uniq_robin

Skill      XL: |  1  2  3 |
---------------+----------+-----
Fighting       | 3 |  3.1
Dodging        | 3 |  3.0
Unarmed Combat | |  3.8

Action                   |  1- 3 |  4- 6 || total
-------------------------+-------+-------++-------
Melee: Unarmed           |    91 |    13 ||   104
Invok: Berserk           |     1 |       ||     1
       Trog's Hand       |       |     1 ||     1
Armor: Animal skin       |    33 |     7 ||    40
Dodge: Dodged            |    63 |     5 ||    68

Table legend: (Time is in decaauts)
 A = Elapsed time spent in this place.
 B = Non-inter-level travel time spent in this place.
 C = Inter-level travel time spent in this place.
 D = Time resting spent in this place.
 E = Time spent auto-exploring this place.
 F = Levels seen in this place.
 G = Mean time per level.
                   A        B        C        D        E       F      G
               +--------+--------+--------+--------+--------+-----+--------+
         Total |   1581 |   1523 |     58 |    252 |   1022 |   2 |  790.5 |
       Dungeon |   1581 |   1523 |     58 |    252 |   1022 |   2 |  790.5 |
               +--------+--------+--------+--------+--------+-----+--------+

Top non-repeatable levels by time:
     D:1: 1132 daAuts
     D:2: 449 daAuts
